 Dungeon Crawl Stone Soup version 0.30.1-3-gfc49f6343a (webtiles) character file.

Game seed: 13374251479275839500

35059 Zeor the Skirmisher (level 13, -4/108 HPs)
             Began as a Naga Hexslinger on Aug 7, 2023.
             Was a High Priest of Hepliaklqana.
             Slain by a cane toad (15 damage)
             ... on level 5 of the Lair of Beasts.
             The game lasted 01:13:44 (18036 turns).

Zeor the Skirmisher (Naga Hexslinger)              Turns: 18036, Time: 01:13:45

Health: -4/108     AC: 19    Str: 14    XL:     13   Next: 81%
Magic:  4/44       EV: 11    Int: 16    God:    Hepliaklqana [*****.]
Gold:   851        SH:  0    Dex: 26    Spells: 9/30 levels left

rFire   . . .        b - +4 dagger of the Ghost {heavy, MP+9 Str+2 Dex+3}
rCold   . . .        (no shield)
rNeg    . . .        s - +2 steam dragon scales
rPois   +            t - +1 helmet
rElec   .            c - +1 cloak
rCorr   .            D - +1 pair of gloves
SInv    +            u - +0 barding
Will    +....        H - amulet of faith
Stlth   ++++         L - ring of magical power
HPRegen 0.38/turn    F - +6 ring of dexterity
MPRegen 0.29/turn

%: faith
@: about to teleport, very slow
A: reduced essence, AC +4, large, see invisible, deformed body, poison
resistance, slowness 2, spit poison 1, naga tail 2, fangs 1, agile 1, MP-powered
wands
a: Spit Poison, Renounce Religion, Recall Ancestor, Ancestor Identity,
Transference, Idealise


You were on level 5 of the Lair of Beasts.
You worshipped Hepliaklqana.
Hepliaklqana was extremely pleased with you.
You visited 3 branches of the dungeon, and saw 15 of its levels.
You also visited: Sewer.

You collected 851 gold pieces.

Inventory:

Hand Weapons
 a - a +1 shortbow
 b - the +4 dagger of the Ghost (weapon) {heavy, MP+9 Str+2 Dex+3}
   (You found it on level 2 of the Lair of Beasts)

   Str:       It affects your strength (+2).
   Dex:       It affects your dexterity (+3).
   MP:        It affects your magic capacity (+9).
 n - a +5 long sword
 q - a +5 great sword
 y - a +2 sling
 C - a +1 scimitar of holy wrath
 G - a +3 long sword of freezing
Missiles
 f - 16 poisoned darts
Armour
 c - a +1 cloak (worn)
 s - +2 steam dragon scales (worn)
 t - a +1 helmet (worn)
 u - a +0 barding (worn)
 D - a +1 pair of gloves (worn)
 K - a +0 robe of willpower
Jewellery
 h - a ring of resist corrosion
 i - an amulet of magic regeneration
 x - a ring of ice
 E - a ring of protection from cold
 F - a +6 ring of dexterity (right hand)
 H - an amulet of faith (around neck)
 L - a ring of magical power (left hand)
Wands
 v - a wand of roots (2)
 z - a wand of paralysis (11)
 B - a wand of mindburst (20)
 I - a wand of digging (8)
 J - a wand of acid (13)
Scrolls
 d - a scroll of enchant weapon
 e - 3 scrolls of fog
 j - 2 scrolls of poison
 k - 3 scrolls of teleportation
 r - 2 scrolls of blinking
 A - 8 scrolls of identify
Potions
 g - 2 potions of haste
 l - 5 potions of flight
 m - 2 potions of cancellation
 o - 2 potions of attraction
 p - 2 potions of curing
 w - 2 potions of brilliance


   Skills:
 * Level 9.5 Fighting
 - Level 2.1(3.2) Short Blades
 + Level 3.7(4.0) Long Blades
 + Level 12.1 Ranged Weapons
 + Level 2.1 Armour
 + Level 4.4 Dodging
 + Level 4.9 Stealth
 + Level 9.0 Spellcasting
 + Level 0.3 Conjurations
 * Level 10.7 Hexes
 + Level 4.1 Translocations
 + Level 3.8 Fire Magic
 + Level 1.1 Invocations


You had 9 spell levels left.
You knew the following spells:

 Your Spells              Type           Power      Damage    Failure   Level
a - Slow                  Hex            100%       N/A       1%          1
b - Inner Flame           Hex/Fire       30%        N/A       1%          3
c - Portal Projectile     Hex/Tloc       62%        N/A       1%          3
d - Cause Fear            Hex            20%        N/A       1%          4
e - Fulminant Prism       Conj/Hex       12%        3d9       11%         4
f - Confusing Touch       Hex            41%        N/A       1%          3
g - Hailstorm             Conj/Ice       7%         3d4       28%         3

Your spell library contained the following spells:

 Spells                   Type           Power      Damage    Failure   Level
 Summon Guardian Golem    Hex/Summ       24%        N/A       3%          3
 Volatile Blastmotes      Fire/Tloc      40%        2d13      6%          3
 Freeze                   Ice            28%        1d5       10%         1
 Summon Small Mammal      Summ           28%        N/A       10%         1
 Vhi's Electric Charge    Tloc/Air       26%        N/A       13%         3
 Call Canine Familiar     Summ           7%         N/A       30%         3
 Frozen Ramparts          Ice            14%        1d3       30%         3
 Vampiric Draining        Necr           7%         2d6       30%         3
 Iskenderun's Mystic Bla  Conj/Tloc      14%        2d5       36%         4
 Arcjolt                  Conj/Air       3%         1d13      95%         5
 Lee's Rapid Deconstruct  Erth           3%         3d5*      95%         5
 Plasma Beam              Fire/Air       6%         2x1d18    100%        6


Dungeon Overview and Level Annotations

Branches:
Dungeon (9/15)             Temple (1/1) D:5            Lair (5/5) D:9
  Swamp (0/4) Lair:3        Snake (0/4) Lair:2          Orc (0/2) D:9
  Sewer (visited)
  Slime: Lair:4-5

Altars:
Ashenzari
Cheibriados
Dithmenos
Elyvilon
Fedhas
Gozag
Hepliaklqana
Kikubaaqudgha
Makhleb
Nemelex Xobeh
Okawaru
Ru
Sif Muna
Trog
Uskayaw
Vehumet
Wu Jian
Xom
Yredelemnul
Zin
The Shining One

Annotations:
Lair:4 exclusion: oklob plant


Innate Abilities, Weirdness & Mutations

Your life essence is reduced to manifest your ancestor. (-10% HP)
Your serpentine skin is tough. (AC +4)
You have supernaturally acute eyesight. (SInv)
Armour fits poorly on your strangely shaped body.
Your system is resistant to poisons. (rPois)
You cover ground very slowly.
You can spit poison.
You can use your snake-like lower body to constrict enemies.
You have very sharp teeth.
You are agile. (Dex +4, Str/Int -1)
You expend magic power (3 MP) to strengthen your wands.


Message History

The cane toad poisons you!
You puncture the cane toad! You grab the cane toad.
The cane toad is almost dead.
You constrict the cane toad.
You feel extremely sick.
A bullfrog comes into view.
The cane toad stings you but does no damage.
Publia hits the cane toad with a +0 flail!
The cane toad dies!
Your Spellcasting skill increases to level 9!
You feel very sick. The cane toad stings you.
* * * LOW HITPOINT WARNING * * *
The cane toad stings you but does no damage.
You see here a bullfrog corpse.
Unknown command.
You feel better. The cane toad barely misses you.
Publia hits the cane toad with a +0 flail!
You hit the cane toad. Your grab misses the cane toad.
You bite the cane toad, but do no damage.
The cane toad is moderately wounded.
The cane toad stings you!
* * * LOW HITPOINT WARNING * * *
The bullfrog hits you but does no damage.
The cane toad closely misses you.
As you read the scroll of teleportation, it crumbles to dust.
You feel strangely unstable. The bullfrog misses you.
Publia hits the cane toad with a +0 flail.
The cane toad barely misses you. The bullfrog hits you.
* * * LOW HITPOINT WARNING * * *
You closely miss the cane toad. Your grab misses the cane toad.
You bite the cane toad, but do no damage.
The cane toad is moderately wounded.
The bullfrog hits you but does no damage.
The cane toad stings you.
* * * LOW HITPOINT WARNING * * *
Publia hits the cane toad with a +0 flail!
The bullfrog hits you but does no damage.
The cane toad stings you!
You die... ∙▒∙∙∙∙∙ ∙∙∙▒ ∙∙∙∙∙∙∙ ▒∙∙▒ ∙∙F∙∙∙∙

∙∙∙▒
▒∙†∙∙▒▒▒∙∙▒▒
∙▒∙∙∙∙▒▒∙∙P▒
∙P∙∙∙∙∙▒∙∙∙▒
∙∙∙∙∙∙∙†∙∙∙▒
∙∙∙∙∙∙∙∙∙∙†▒▒
∙∙∙∙∙∙∙F∙FN∙▒
∙∙∙∙∙†∙∙∙∙RF▒
▒∙∙∙∙∙∙∙∙∙∙▒▒
▒▒▒▒▒∙▒▒▒▒†▒▒
∙∙▒▒∙▒P∙∙∙P▒
▒∙∙∙∙∙∙∙∙∙▒▒
∙∙∙∙∙∙▒▒∙∙∙▒


∙∙∙∙∙ ▒∙∙∙▒ ∙∙∙∙ ▒▒∙∙∙▒ You could see the friendly Publia the knight, 2 cane
toads and a bullfrog.

Vanquished Creatures
  3 death yaks (Lair:4)
  Nergalle (Lair:1)
  2 skysharks
  3 elephants (Lair:5)
  A torpor snail (Lair:3)
  2 black mambas
  An orange demon (D:8)
  Psyche (D:8)
  Maggie (D:6)
  11 cane toads
  2 rime drakes
  6 komodo dragons
  A polar bear (Lair:4)
  A blink frog (Lair:5)
  8 dream sheep
  2 wyverns
  A wraith (D:9)
  Eustachio (D:6)
  25 yaks
  2 basilisks (Lair:3)
  A vampire mosquito (Lair:4)
  3 steam dragons
  A warg (D:9)
  9 water moccasins
  Pargi (Sewer)
  4 orc warriors
  2 sky beasts
  2 black bears
  2 ice beasts
  A centaur (D:8)
  12 wolves
  A phantom (D:5)
  8 bullfrogs
  2 kobold brigands
  Blork the orc (D:6)
  3 scorpions
  2 gnoll sergeants
  10 wights
  12 killer bees
  A jelly (D:5)
  A gnoll bouda (D:8)
  5 orc priests
  3 hounds
  4 iguanas
  2 sleepcaps (D:5)
  9 orc wizards
  5 hell rats (Lair:3)
  10 gnolls
  10 adders
  2 river rats (D:5)
  2 shadow imps (D:6)
  2 white imps
  An ufetubus (D:4)
  6 worms
  2 dart slugs
  19 orcs
  5 endoplasms
  4 giant cockroaches
  4 hobgoblins
  2 jackals (Sewer)
  10 kobolds
  4 quokkas
  2 ball pythons
  2 bats (D:3)
  7 frilled lizards
  6 goblins
  5 rats
287 creatures vanquished.

Vanquished Creatures (collateral kills)
  A death yak (Lair:4)
  Urug (Lair:3)
  Amaemon (D:8)
  A black mamba (Lair:1)
  2 elephants (Lair:5)
  A rime drake (Lair:4)
  9 cane toads
  A komodo dragon (Lair:4)
  2 tyrant leeches (Lair:3)
  7 dream sheep
  3 basilisks
  8 yaks
  2 wargs (D:9)
  2 water moccasins
  An acid dragon (D:9)
  2 wolves (Lair:2)
  A centaur (D:9)
  4 bullfrogs
  2 scorpions (D:7)
  A wight (D:7)
  5 killer bees
  An orc priest (D:8)
  A sleepcap (D:7)
  3 orc wizards
  A hell rat (Lair:3)
  5 orcs
  A ball python (D:1)
69 creatures vanquished.

Vanquished Creatures (others)
  6 knights
  3 ancestors
  3 fulminant prisms
12 creatures vanquished.

Grand Total: 368 creatures vanquished

Notes
Turn   | Place    | Note
-------+----------+-------------------------------------------
     0 | D:1      | Zeor the Naga Hexslinger began the quest for the Orb.
     0 | D:1      | Reached XP level 1. HP: 18/18 MP: 2/2
    65 | D:1      | Found a faded altar of an unknown god.
   470 | D:2      | Reached XP level 2. HP: 25/25 MP: 3/3
   553 | D:2      | Reached skill level 2 in Ranged Weapons
   573 | D:2      | Reached XP level 3. HP: 31/31 MP: 5/5
   658 | D:2      | Learned a level 3 spell: Inner Flame
   921 | D:2      | Reached skill level 1 in Armour
  1367 | D:3      | Found a broken altar of Ashenzari.
  1481 | D:3      | Reached XP level 4. HP: 38/39 MP: 6/6
  1535 | D:3      | Found a basalt altar of Yredelemnul.
  1560 | D:3      | Identified the +1 robe of the Furrier {Int-5 Dex+3}
  1791 | D:3      | Found a radiant altar of Vehumet.
  1798 | D:3      | Found an ornate altar of the Wu Jian Council.
  2156 | D:4      | Noticed a scorpion
  2168 | D:4      | Killed a scorpion
  2169 | D:4      | Reached skill level 1 in Short Blades
  2169 | D:4      | Reached XP level 5. HP: 38/45 MP: 6/8
  2345 | D:4      | Reached skill level 3 in Ranged Weapons
  2345 | D:4      | Reached XP level 6. HP: 32/52 MP: 8/10
  2757 | D:5      | Entered Level 5 of the Dungeon
  2762 | D:5      | Found a staircase to the Ecumenical Temple.
  2764 | D:5      | Noticed a sky beast
  2784 | D:5      | Killed a sky beast
  2789 | Temple   | Entered the Ecumenical Temple
  2885 | Temple   | Became a worshipper of Hepliaklqana the Forgotten
  2983 | D:5      | Reached XP level 7. HP: 41/61 MP: 11/11
  3260 | D:5      | Found a glowing drain.
  3264 | Sewer    | Entered a sewer
  3403 | Sewer    | Noticed Pargi
  3421 | Sewer    | Killed Pargi
  3422 | Sewer    | Reached skill level 4 in Ranged Weapons
  3523 | Sewer    | Learned a level 3 spell: Portal Projectile
  3840 | D:5      | Reached XP level 8. HP: 36/69 MP: 13/13
  4550 | D:5      | Found a shimmering altar of Xom.
  4770 | D:6      | Reached skill level 1 in Stealth
  4789 | D:6      | Noticed Maggie
  4821 | D:6      | Killed Maggie
  4822 | D:6      | Reached skill level 5 in Ranged Weapons
  5201 | D:6      | Found a snail-covered altar of Cheibriados.
  5340 | D:6      | Found a blossoming altar of Fedhas.
  5357 | D:6      | Reached skill level 6 in Ranged Weapons
  5529 | D:6      | Reached * piety under Hepliaklqana
  5559 | D:6      | Reached XP level 9. HP: 70/70 MP: 8/15
  5633 | D:6      | Reached skill level 5 in Spellcasting
  5665 | D:6      | Learned a level 4 spell: Cause Fear
  5782 | D:6      | Noticed Eustachio
  5797 | D:6      | Killed Eustachio
  5874 | D:6      | Noticed Blork the orc
  5918 | D:6      | Killed Blork the orc
  6275 | D:7      | Found a shimmering blue altar of Sif Muna.
  6574 | D:7      | Reached skill level 7 in Ranged Weapons
  6582 | D:7      | Gained mutation: You expend magic power (3 MP) to
                  | strengthen your wands. [potion of mutation]
  6582 | D:7      | Gained mutation: You have hidden genetic potential. [potion
                  | of mutation]
  6599 | D:7      | Reached skill level 5 in Fighting
  6963 | D:7      | Reached skill level 5 in Hexes
  6963 | D:7      | Reached skill level 1 in Translocations
  7266 | D:7      | Reached skill level 1 in Fire Magic
  7266 | D:7      | Reached XP level 10. HP: 69/79 MP: 9/18
  7385 | D:7      | Reached ** piety under Hepliaklqana
  7386 | D:7      | Remembered your ancestor Publia as a knight
  7715 | D:7      | Found a glowing silver altar of Zin.
  7715 | D:7      | Noticed an angel
  7845 | D:7      | Reached skill level 1 in Long Blades
  8294 | D:8      | Noticed Amaemon
  8295 | D:8      | Noticed an orange demon
  8304 | D:9      | welp
  8310 | D:9      | Reached skill level 8 in Ranged Weapons
  8316 | D:9      | HP: 6/121 [yak (3)]
  8317 | D:9      | HP: 2/121 [yak (4)]
  8825 | D:9      | Reached skill level 9 in Ranged Weapons
  9102 | D:9      | Found a staircase to the Orcish Mines.
  9325 | D:9      | Found a staircase to the Lair.
  9556 | D:9      | Reached XP level 11. HP: 80/87 MP: 1/21
 10475 | D:8      | Noticed Psyche
 10481 | D:8      | Killed Psyche
 10484 | D:8      | Gained mutation: You have very sharp teeth. [hidden
                  | potential]
 10610 | D:8      | Found a shadowy altar of Dithmenos.
 10611 | D:8      | Found a sparkling altar of Nemelex Xobeh.
 10615 | D:8      | Found an opulent altar of Gozag.
 10812 | D:8      | Reached *** piety under Hepliaklqana
 10831 | D:8      | Killed Amaemon
 11232 | D:8      | Identified the +2 pair of boots of the Leaf {Regen+ Dex+5}
 11526 | Lair:1   | Entered Level 1 of the Lair of Beasts
 11717 | Lair:1   | Reached skill level 10 in Ranged Weapons
 12061 | Lair:1   | Noticed Nergalle
 12071 | Lair:1   | Killed Nergalle
 12439 | Lair:1   | Reached XP level 12. HP: 98/98 MP: 16/23
 12864 | Lair:1   | Reached **** piety under Hepliaklqana
 12997 | Lair:2   | Gained mutation: You are agile. (Dex +4, Str/Int -1)
                  | [hidden potential]
 12997 | Lair:2   | Lost mutation: You have hidden genetic potential. [hidden
                  | potential expressed]
 13137 | Lair:2   | Noticed a skyshark
 13149 | Lair:2   | Killed a skyshark
 13150 | Lair:2   | Reached skill level 11 in Ranged Weapons
 13450 | Lair:2   | Found a staircase to the Snake Pit.
 13456 | Lair:2   | Learned a level 4 spell: Fulminant Prism
 13739 | Lair:2   | Identified the +4 dagger of the Ghost {heavy, MP+9 Str+2
                  | Dex+3}
 13955 | Lair:2   | Learned a level 3 spell: Confusing Touch
 15151 | Lair:3   | Gained mutation: You can use your snake-like lower body to
                  | constrict enemies. [Naga growth]
 15151 | Lair:3   | Reached XP level 13. HP: 100/106 MP: 25/25
 15366 | Lair:3   | Noticed Urug
 15378 | Lair:3   | Killed Urug
 15674 | Lair:3   | Reached ***** piety under Hepliaklqana
 15689 | Lair:3   | Found a staircase to the Swamp.
 16205 | Lair:3   | Reached skill level 10 in Hexes
 16720 | Lair:4   | Reached skill level 1 in Invocations
 17132 | Lair:4   | Learned a level 3 spell: Hailstorm
 17753 | Lair:5   | Entered Level 5 of the Lair of Beasts
 17867 | Lair:5   | really though
 18006 | Lair:5   | Reached skill level 12 in Ranged Weapons
 18036 | Lair:5   | Slain by a cane toad

Illustrated notes

▒∙∙∙>∙∙∙∙∙∙∙
▒∙∙∙∙∙∙∙∙∙∙∙
▒∙∙∙∙∙∙∙∙∙∙∙
▒∙∙∙∙∙∙∙∙∙∙∙
▒∙∙∙∙∙∙∙∙∙∙∙
▒∙∙∙∙∙∙∙∙∙∙∙
▒∙∙∙∙∙∙∙∙∙∙∙
▒∙∙∙N∙∙∙∙∙∙∙
▒∙∙W∙Y∙∙∙∙∙∙
▒∙∙∙∙YY∙∙∙∙∙
▒∙∙∙∙Y∙∙∙∙∙∙
▒∙∙∙∙∙∙Y∙∙∙∙
▒∙∙Y∙∙∙∙∙∙∙∙
▒∙∙∙∙∙∙∙∙∙∙∙
▒∙∙∙∙∙∙∙∙∙∙∙


Turn 8304 on D:9: welp ∙∙▒∙ ∙S∙ ▒∙∙▒▒∙∙YP▒ ∙∙P∙▒∙∙∙∙∙ ▒▒∙∙∙∙∙∙Y∙∙ ∙∙∙∙∙Y∙∙Y∙
▒▒∙Yh∙∙∙YY∙ ▒YhhY∙∙∙∙∙∙ ▒▒NY∙∙∙∙∙∙∙ ▒∙∙hR∙∙∙∙P▒ ▒∙∙∙▒▒▒∙▒▒▒ ▒▒∙∙▒ ▒▒ ∙∙∙∙
▒∙∙▒▒▒▒▒PP ▒▒∙∙▒ ∙∙ ▒∙∙▒▒)▒P∙∙ ▒P∙∙▒ ▒∙ ▒∙∙∙∙▒∙∙∙▒ ▒∙∙∙▒▒▒∙ ▒∙∙∙▒▒∙∙∙▒▒▒∙∙∙∙▒▒▒
▒∙∙∙▒ ▒P∙P▒▒▒∙∙(▒∙∙ Turn 17867 on Lair:5: really though

Levels and vault maps discovered:
D:1:      wander_arrival_peaceful_grave, layout_rooms, basic_ecumenical_altar
D:2:      layout_loops_cross, st_stairs_1, minmay_misc_feat_five
D:3:      layout_loops_cross, yredelemnul_altar_generic,
          evilmike_ruin_ashenzari, mainiacjoe_overflow_big_doors
D:4:      layout_rooms, minivault_1, chequers_serial_rivers_micro_c,
          kennysheep_nondescript, minivault_19, nicolae_grassy_gnolls
D:5:      layout_loops_ring, lemuel_coloured_pillars_altar,
          minmay_temple_entry_junction_2, gup_sewer_entry_spiral, nicolae_titane
D:6:      layout_loops_corners, mainiacjoe_overflow_catwalk,
          cheibriados_altar_1, serial_glass, glass_columns_a, glass_columns_a,
          kennysheep_pointless_box, minmay_joined_circles, uniq_blork_the_orc,
          uniq_maggie, uniq_eustachio
D:7:      layout_basic, zin_angel, led_sif_book
D:8:      kennysheep_six_static_rooms, layout_gridville,
          gammafunk_temple_overflow_forgotten, uniq_amaemon, uniq_psyche
D:9:      layout_long_grid, erik_lair_orcish_takeover, orc_0_dummy
Temple:   kb_temple_of_zot
Lair:1:   layout_regular_city, beast_lair_carwin_7, infiniplex_staircase_pool_2,
          uniq_nergalle
Lair:2:   layout_roguey, dummy_snake_entry, serial_forest,
          infiniplex_forest_corner_1, infiniplex_forest_straight_5,
          infiniplex_forest_end_2, infiniplex_forest_clump_curved,
          beast_lair_carwin_9
Lair:3:   layout_regular_city, minmay_swamp_entry_worms,
          chequers_serial_rivers_marsh, uniq_urug
Lair:4:   layout_loops_ring, kennysheep_catoblepas_arena, serial_bayou_shore_b
Lair:5:   minmay_lair_end_frog_pond, layout_regular_city,
          dpeg_slime_entry_enclosed

Skill      XL: |  1  2  3  4  5  6  7  8  9 10 11 12 13 |
---------------+----------------------------------------+-----
Ranged Weapons | 2 3 4 6 7 9 10 11 12 | 12.1
Armour         | 1 2 |  2.1
Short Blades   | 1 2 |  2.1
Spellcasting   | 2 3 4 5 6 7 8 9 |  9.0
Fighting       | 2 3 4 5 7 8 9 |  9.5
Dodging        | 2 3 4 |  4.4
Stealth        | 1 2 3 4 |  4.9
Hexes          | 4 5 6 8 9 10 | 10.7
Translocations | 1 2 3 4 |  4.1
Fire Magic     | 1 2 3 |  3.8
Long Blades    | 1 2 3 |  3.7
Invocations    | 1 |  1.1
Conjurations   | |  0.3

Action                     |  1- 3 |  4- 6 |  7- 9 | 10-12 | 13-15 || total
---------------------------+-------+-------+-------+-------+-------++-------
  Melee: Short sword       |    40 |   131 |    52 |       |       ||   223
         Punch             |       |     3 |       |       |     2 ||     5
         Falchion          |       |       |    28 |       |       ||    28
         Long sword        |       |       |    11 |    52 |       ||    63
         Bite              |       |       |       |    11 |    11 ||    22
         Dagger            |       |       |       |    11 |    52 ||    63
         Constrict         |       |       |       |       |    14 ||    14
   Fire: Sling             |    78 |    60 |   344 |    64 |       ||   546
         Shortbow          |       |       |       |   332 |   180 ||   512
   Cast: Slow              |    28 |    11 |    31 |    24 |     3 ||    97
         Inner Flame       |       |       |    20 |    47 |    13 ||    80
         Portal Projectile |       |       |    10 |    58 |    23 ||    91
         Cause Fear        |       |       |     3 |     2 |     2 ||     7
         Confusing Touch   |       |       |       |     1 |     2 ||     3
         Fulminant Prism   |       |       |       |     1 |     2 ||     3
         Hailstorm         |       |       |       |       |     1 ||     1
 Invoke: Recall Ancestor   |       |       |       |     3 |       ||     3
         Ancestor Life: Kn |       |       |       |     1 |       ||     1
         Idealise          |       |       |       |       |     2 ||     2
Ability: Spit Poison       |     6 |    12 |    17 |    11 |     3 ||    49
    Use: Scroll            |    11 |     3 |     6 |     8 |     4 ||    32
         Potion            |       |     3 |    13 |     4 |     4 ||    24
   Stab: Sleeping          |       |       |     1 |       |       ||     1
         Distracted        |       |       |       |     3 |     4 ||     7
         Confused          |       |       |       |       |     2 ||     2
 Armour: Leather armour    |    18 |    43 |    64 |       |       ||   125
         Robe              |     1 |       |       |       |       ||     1
         Steam dragon scal |       |       |    27 |    78 |    60 ||   165
         Skin              |       |       |    22 |       |       ||    22
  Dodge: Dodged            |    41 |   152 |   299 |   226 |    72 ||   790
